Map: Deathaura LE

Players

EnDerr

  • Race: Zerg Zerg
  • Spawn Location: 11:00

Serral - Winner!

  • Race: Zerg Zerg
  • Spawn Location: 5:00

Event: DreamHack SC2 Masters 2020 Winter

VOD

Have the link to the VOD?

Description

Time

  • Played on: Nov. 12, 2020, 8:27 a.m.
  • Length: 9:59

All games in this series

Show
View Real Time Build Order
Export as new Build Order

EnDerr Zerg 

Build Orders: Pool First 

Get SALT Encoding   

  12  0:00  Drone  
  13  0:12  Overlord  
  13  0:18  Drone  
  14  0:32  Drone x2  
  16  0:41  Spawning Pool  
  15  0:44  Extractor  
  15  0:46  Drone  
  15  0:50  Drone  
  16  0:57  Drone  
  17  1:19  Hatchery  
  16  1:29  Zergling x6  
  19  1:40  Queen  
  21  1:48  Metabolic Boost  
  21  1:55  Overlord  
  21  1:59  Drone  
  22  2:16  Drone x2  
  22  2:17  Queen  
  24  2:37  Zergling x4  
  24  2:38  Zergling x2  
  24  2:39  Queen  
  29  2:46  Overlord  
  29  2:51  Drone x3  
  31  2:52  Drone  
  33  3:05  Overlord  
  33  3:09  Lair  
  33  3:12  Drone  
  34  3:15  Drone  
  34  3:19  Drone  
  36  3:20  Drone  
  36  3:25  Drone  
  38  3:29  Drone  
  38  3:33  Drone  
  38  3:34  Drone, Evolution Chamber  
  40  3:37  Drone  
  41  3:43  Drone x2  
  41  3:49  Zergling x6  
  41  3:55  Roach Warren  
  43  3:59  Overlord  
  43  4:01  Zerg Missile Weapons Level 1  
  43  4:06  Zergling x2  
  42  4:12  Zergling x4  
  42  4:14  Overlord x2  
  44  4:22  Drone x4  
  48  4:25  Extractor  
  48  4:27  Extractor  
  48  4:30  Overseer  
  46  4:34  Drone x4  
  46  4:35  Glial Reconstitution  
  50  4:45  Drone x2  
  52  4:53  Roach x2  
  52  4:57  Roach  
  52  4:59  Roach  
  59  5:07  Roach x2  
  61  5:09  Roach  
  61  5:10  Overlord  
  63  5:14  Extractor  
  63  5:16  Drone x2  
  63  5:19  Drone  
  65  5:24  Drone, Overlord  
  66  5:34  Drone  
  69  5:35  Roach  
  69  5:36  Nydus Network, Roach  
  69  5:38  Roach  
  69  5:39  Roach  
  74  5:44  Roach  
  74  5:46  Roach  
  74  5:49  Roach  
  80  5:54  Overlord  
  80  5:59  Roach  
  82  6:07  Overlord x2  
  82  6:12  Nydus Canal  
  82  6:18  Roach  
  82  6:19  Roach x2  
  90  6:26  Roach x3  
  90  6:27  Roach  
  90  6:30  Roach x2  
  90  6:31  Roach  
  106  6:34  Roach  
  106  6:36  Roach  
  99  6:41  Nydus Canal  
  99  6:42  Roach x2  
  89  6:57  Zerg Missile Weapons Level 2  
  89  6:58  Queen  
  89  6:59  Queen  
  93  7:01  Overseer  
  93  7:02  Hatchery  
  93  7:05  Roach x3  
  93  7:07  Roach  
  100  7:11  Roach  
  100  7:13  Roach  
  100  7:15  Roach  
  106  7:18  Roach  
  108  7:29  Overlord x2  
  108  7:35  Overlord  
  108  7:40  Overlord  
  108  7:47  Queen  
  108  7:48  Roach  
  108  7:49  Roach x2  
  116  7:51  Overlord  
  116  7:58  Roach  
  116  8:03  Roach x2  
  120  8:07  Ravager x2  
  120  8:08  Ravager x2  
  120  8:09  Roach x4  
  132  8:14  Drone x2  
  132  8:15  Drone x2  
  136  8:22  Roach  
  140  8:27  Roach  
  140  8:28  Roach x2  
  144  8:34  Roach  
  144  8:35  Overlord x2  
  146  8:49  Overlord x2  
  146  8:50  Overlord x2  
  146  8:54  Roach  
  146  8:55  Roach  
  150  8:58  Ravager x5  
  155  9:03  Roach  
  155  9:07  Roach  
  155  9:09  Roach  
  163  9:10  Roach  
  163  9:11  Roach  
  163  9:12  Roach  
  167  9:18  Nydus Canal  
  167  9:21  Roach x3  
  173  9:25  Roach  
  173  9:30  Roach  
  159  9:32  Roach x2  
  159  9:34  Roach  
  159  9:37  Roach  
  159  9:38  Roach  
Show
View Real Time Build Order
Export as new Build Order

Serral Zerg - Winner!

Build Orders: Hatch First 

Get SALT Encoding   

  12  0:00  Drone  
  13  0:12  Overlord  
  13  0:16  Drone  
  14  0:30  Drone x2  
  16  0:46  Hatchery  
  15  0:50  Drone  
  15  0:53  Drone  
  17  1:07  Spawning Pool  
  17  1:10  Extractor  
  15  1:13  Drone  
  15  1:16  Drone  
  17  1:19  Drone  
  18  1:28  Drone  
  19  1:38  Drone  
  20  1:48  Overlord  
  20  1:55  Queen  
  20  1:58  Queen  
  20  1:59  Zergling x2  
  20  2:00  Zergling x2  
  26  2:10  Metabolic Boost  
  26  2:11  Zergling x4  
  28  2:21  Drone  
  28  2:22  Drone  
  30  2:32  Drone x2  
  31  2:38  Queen  
  31  2:41  Overlord  
  33  2:47  Drone  
  33  2:48  Evolution Chamber  
  33  2:52  Drone  
  33  2:53  Drone  
  35  3:04  Drone x3  
  37  3:13  Evolution Chamber  
  37  3:16  Overlord  
  37  3:18  Zerg Ground Armor Level 1  
  37  3:20  Zergling x4  
  37  3:26  Zergling x2  
  37  3:27  Zergling x4  
  41  3:32  Drone x2  
  43  3:37  Roach Warren  
  43  3:38  Drone  
  43  3:41  Drone x2  
  46  3:44  Drone  
  46  3:47  Overlord  
  47  3:51  Drone x2  
  49  3:58  Overlord  
  49  4:07  Hatchery  
  46  4:14  Zergling x2  
  46  4:15  Zergling x8  
  51  4:22  Zergling x8  
  55  4:31  Overlord  
  55  4:32  Zergling x2  
  55  4:33  Zergling x4  
  58  4:41  Lair  
  58  4:43  Zergling x4  
  60  4:50  Zergling x14  
  66  5:08  Drone  
  66  5:10  Overlord  
  66  5:12  Extractor x2, Zerg Missile Weapons Level 1, Overlord  
  66  5:13  Drone x2  
  67  5:20  Drone x4  
  71  5:23  Drone x2  
  71  5:24  Overlord  
  73  5:28  Overlord  
  73  5:31  Drone  
  73  5:32  Drone  
  75  5:38  Glial Reconstitution  
  75  5:43  Roach x2, Overseer  
  75  5:44  Roach x2  
  75  5:48  Queen  
  83  5:52  Roach x3  
  89  6:04  Overlord  
  89  6:05  Drone x3  
  89  6:06  Roach x2  
  89  6:07  Roach  
  89  6:10  Overlord  
  98  6:14  Overlord  
  98  6:18  Roach x2  
  102  6:24  Roach x2  
  102  6:25  Roach  
  108  6:29  Roach x2  
  108  6:31  Roach  
  112  6:34  Roach  
  112  6:37  Roach  
  112  6:38  Roach  
  114  6:41  Roach  
  114  6:44  Roach  
  114  6:46  Roach  
  120  6:52  Queen  
  122  6:54  Queen  
  122  7:00  Overlord  
  124  7:07  Zerg Missile Weapons Level 2, Overlord  
  124  7:09  Overlord x2  
  124  7:21  Roach x5  
  131  7:34  Overlord  
  131  7:36  Roach x5  
  141  7:43  Ravager  
  142  7:46  Overlord  
  142  7:48  Roach  
  144  7:54  Overlord  
  140  8:06  Drone x7  
  140  8:09  Pneumatized Carapace  
  140  8:10  Extractor  
  140  8:11  Overseer  
  150  8:12  Roach  
  150  8:13  Roach  
  150  8:19  Drone x4, Extractor x2  
  152  8:20  Roach x2  
  156  8:29  Overlord x5  
  156  8:33  Roach  
  158  8:35  Roach  
  158  8:37  Ravager  
  161  8:43  Roach x4  
  169  8:48  Drone  
  169  8:49  Drone x2  
  169  8:50  Roach x2  
  178  8:55  Roach  
  178  8:56  Roach x2  
  178  8:58  Hydralisk Den  
  182  9:04  Roach x3  
  182  9:05  Roach  
  194  9:10  Roach x3  
  196  9:20  Ravager x3  
  179  9:35  Roach x11  
Tags
 
Add a new tag
Caveats
  • Supply blocks, unpowered buildings, or Contaminate may cause inaccurate times.
  • Supply counts are checked every 10 seconds.